 Dungeon Crawl Stone Soup version 0.27-a0-1202-ge72e49191c (webtiles) character file.

Game seed: 18322668366137031014

26 27snakeeyes612 the Skirmisher (level 3, 0/34 HPs)
             Began as a Naga Fighter on June 4, 2021.
             Slain by a ball python (2 damage)
             ... on level 1 of the Dungeon.
             The game lasted 00:00:21 (439 turns).

27snakeeyes612 the Skirmisher (Naga Fighter)         Turns: 439, Time: 00:00:21

Health: 0/34       AC:  4    Str: 19    XL:     3   Next: 8%
Magic:  3/3        EV:  5    Int:  8    God:
Gold:   48         SH:  8    Dex: 10    Spells: 2/2 levels left

rFire    . . .     SeeInvis +   a - +0 war axe
rCold    . . .     Faith    .   c - +0 kite shield
rNeg     . . .     Spirit   .   b - +0 scale mail
rPois    +         Reflect  .   (no helmet)
rElec    .         Harm     .   (no cloak)
rCorr    .         Rampage  .   (no gloves)
Will     .....                  (no barding)
Stlth    ..........             (no amulet)
HPRegen  0.11/turn              (no ring)
MPRegen  0.08/turn              (no ring)

@: very slow
A: AC +1, large, see invisible, deformed body, poison resistance, slowness 2,
spit poison 1, naga tail 1
a: Spit Poison


You were on level 1 of the Dungeon.
You visited 1 branch of the dungeon, and saw 1 of its levels.

You collected 48 gold pieces.

Inventory:

Hand Weapons
 a - a +0 war axe (weapon)
Armour
 b - a +0 scale mail (worn)
 c - a +0 kite shield (worn)
Potions
 d - 3 potions of might
 e - a potion of lignification {unknown}
 f - a potion of invisibility {unknown}
 g - a potion of curing {unknown}


   Skills:
 + Level 3.2 Fighting
 + Level 2.3 Axes
 + Level 2.7 Armour
 + Level 2.7 Shields


You had 2 spell levels left.
You didn't know any spells.
Your spell library contained the following spells:

 Spells                   Type           Power      Damage    Failure   Level
 Corona                   Hex            0%         N/A       99%         1
 Ensorcelled Hibernation  Hex/Ice        0%         N/A       100%        2
 Confusing Touch          Hex            0%         N/A       100%        3
 Dazzling Flash           Conj/Hex       0%         N/A       100%        3
 Tukima's Dance           Hex            0%         N/A       100%        3


Dungeon Overview and Level Annotations

Branches:
Dungeon (1/15)

Altars:


Innate Abilities, Weirdness & Mutations

Your serpentine skin is tough. (AC +1)
You have supernaturally acute eyesight. (SInv)
Armour fits poorly on your strangely shaped body.
Your system is resistant to poisons. (rPois)
You cover ground very slowly.
You can spit poison.
You have a snake-like lower body.


Message History

You hit the ball python but do no damage.
The ball python bites you but does no damage.
The gnoll hits you with a +0 club.
Your scale mail prevents you from hitting the gnoll.
The gnoll is almost dead.
Your scale mail prevents you from hitting the ball python.
The ball python bites you.
* * * LOW HITPOINT WARNING * * *
You block the gnoll's attack. You block the ball python's attack.
You block the gnoll's attack. The ball python barely misses you.
You slash the gnoll!
You kill the gnoll!
You closely miss the ball python. The ball python barely misses you.
You block the ball python's attack.
You have reached level 3!
Your experience leads to an increase in your attributes!
Increase (S)trength, (I)ntelligence, or (D)exterity?
You feel stronger.
Your skin feels tougher.
You barely miss the ball python. The ball python bites you.
* * * LOW HITPOINT WARNING * * *
You block the ball python's attack.
You closely miss the ball python. You block the ball python's attack.
Your shield prevents you from hitting the ball python.
The ball python bites you.
* * * LOW HITPOINT WARNING * * *
You block the ball python's attack.
You barely miss the ball python.
The ball python bites you but does no damage.
The ball python bites you.
* * * LOW HITPOINT WARNING * * *
Unknown command.
You hit the ball python but do no damage.
You block the ball python's attack. x2
You barely miss the ball python. The ball python bites you.
* * * LOW HITPOINT WARNING * * *
The ball python bites you but does no damage.
You hit the ball python.
The ball python is moderately wounded.
The ball python bites you.
You die...

......... ........# .........
................# .#.......
................# #........
###...............### .#.......
!................##. #........
#......# #.......##. .#.......
#......#### #...... #.####.##
##..S)..........#.### .#...#..
##...@...# ##### #.# #....#
.###......#.###### #.# .....#
.....#..#........# #.## #...##
##...............# #..#
###.#####....##.#........# ##.#
.##.......#.###.#........# #.#
...................###.#######.#
...........#..###.......##.....#
..........#..###...###.........#


You could see a ball python.

Vanquished Creatures
  A gnoll (D:1)
  A dart slug (D:1)
  4 ball pythons (D:1)
  3 bats (D:1)
  An endoplasm (D:1)
  A goblin (D:1)
  A hobgoblin (D:1)
  2 kobolds (D:1)
  A rat (D:1)
15 creatures vanquished.

Notes
Turn   | Place    | Note
-------+----------+-------------------------------------------
     0 | D:1      | 27snakeeyes612 the Naga Fighter began the quest for the
                  | Orb.
     0 | D:1      | Reached XP level 1. HP: 21/21 MP: 1/1
   122 | D:1      | Reached XP level 2. HP: 27/28 MP: 2/2
   433 | D:1      | Reached XP level 3. HP: 8/34 MP: 3/3
   439 | D:1      | Slain by a ball python

Illustrated notes

Levels and vault maps discovered:
D:1:      lightli_arrival_chessboard, layout_rooms,
          chequers_serial_rivers_micro_d

Action                   || total
-------------------------++-------
Melee: War axe           ||    47
Armor: Scale mail        ||    22
Dodge: Dodged            ||    12
Block: Kite shield       ||    33

Table legend: (Time is in decaauts)
 A = Elapsed time spent in this place.
 B = Non-inter-level travel time spent in this place.
 C = Inter-level travel time spent in this place.
 D = Time resting spent in this place.
 E = Time spent auto-exploring this place.
 F = Levels seen in this place.
 G = Mean time per level.
                   A        B        C        D        E       F      G
               +--------+--------+--------+--------+--------+-----+--------+
         Total |    551 |    551 |      0 |      0 |    433 |   1 |  551.0 |
       Dungeon |    551 |    551 |      0 |      0 |    433 |   1 |  551.0 |
               +--------+--------+--------+--------+--------+-----+--------+

Top non-repeatable levels by time:
     D:1: 551 daAuts
